 Dungeon Crawl Stone Soup version 0.19-a0-1732-g0b18a7b (webtiles) character file.

110 4thArraOfDagon the Insei (level 4, -1/24 HPs)
             Began as a Deep Elf Fire Elementalist on Sept 30, 2016.
             Slain by a centaur (3 damage)
             ... on level 7 of the Dungeon.
             The game lasted 00:03:29 (475 turns).

4thArraOfDagon the Insei (DEFE)                      Turns: 475, Time: 00:03:30

Health: -1/24      AC:  2    Str:  5    XL:     4   Next: 61%
Magic:  2/10       EV: 13    Int: 21    God:
Gold:   62         SH:  0    Dex: 15    Spells: 3 memorised, 1 level left

rFire  . . .     SeeInvis .       - Unarmed
rCold  . . .     Gourm    .     a - +0 robe
rNeg   . . .     Faith    .     (no shield)
rPois  .         Spirit   .     (no helmet)
rElec  .         Dismiss  .     (no cloak)
rCorr  .         Reflect  .     (no gloves)
MR     .....     Harm     .     (no boots)
Stlth  ++........               (no amulet)
                                (no ring)
                                (no ring)

@: very slightly contaminated
A: no striking features
a: no special abilities


You were on level 7 of the Dungeon.
You were not hungry.

You visited 1 branch of the dungeon, and saw 7 of its levels.

You collected 62 gold pieces.

Inventory:

Armour
 a - a +0 robe (worn)
Books
 b - a book of Flames

   Spells                             Type                      Level
   a - Flame Tongue                   Conjuration/Fire             1
   b - Throw Flame                    Conjuration/Fire             2
   c - Conjure Flame                  Conjuration/Fire             3
   d - Inner Flame                    Hexes/Fire                   3
   e - Sticky Flame                   Conjuration/Fire             4
   f - Fireball                       Conjuration/Fire             5
Comestibles
 c - a bread ration


   Skills:
 - Level 2.4 Dodging
 - Level 2.4 Stealth
 * Level 3.5 Unarmed Combat
 - Level 3.0 Spellcasting
 - Level 1.1 Conjurations
 - Level 3.2 Fire Magic


You had one spell level left.
You knew the following spells:

 Your Spells              Type           Power        Failure   Level  Hunger
a - Flame Tongue          Conj/Fire      ##...        8%          1    None
b - Conjure Flame         Conj/Fire      ##......     21%         3    ###....
c - Sticky Flame          Conj/Fire      ##......     67%         4    ####...


Dungeon Overview and Level Annotations

Branches:
Dungeon (7/15)
 Temple: D:4-7

Altars:


Message History

Aim: a centaur You miscast Sticky Flame.
You are very lightly contaminated with residual magic.
The air around you crackles with energy!
The centaur hits you.
* * * LOW HITPOINT WARNING * * *
The centaur closely misses you.
Unknown command.
You aren't carrying any potions.
Okay, then.
Casting: Sticky Flame
Confirm with . or Enter, or press ? or * to list all spells.
The spell is very dangerous to cast!
Continue anyway?
Aiming: Sticky Flame
Press: ? - help, Shift-Dir - straight line, f/p - centaur
Aim: a centaur The sticky flame hits the centaur.
The centaur appears unharmed.
The centaur is covered in liquid flames!
The centaur burns!
The centaur hits you.
You die...

.. .. .. .c. .#
...# .##...#
.....#
######.....#
###...@#....#
##......c...#
##.......#.......
##.....####.......
#....### .##....
##...### .. ...
#....##$5 #. ..
#...## c?Z# #. .
#...# c$# .


You could see a centaur (burning).

Vanquished Creatures
  A jelly (D:5)
  A centaur zombie (D:6)
  A worker ant (D:5)
  An adder zombie (D:5)
  2 orcs
  A goblin (D:2)
  A hobgoblin (D:1)
  A kobold (D:2)
  2 quokkas (D:2)
  A rat (D:2)
12 creatures vanquished.

Notes
Turn   | Place    | Note
-------+----------+-------------------------------------------
     0 | D:1      | 4thArraOfDagon the Deep Elf Fire Elementalist began the quest for the Orb.
     0 | D:1      | Reached XP level 1. HP: 10/10 MP: 6/6
    86 | D:2      | Reached skill level 1 in Unarmed Combat
   150 | D:3      | Noticed an orc priest
   150 | D:3      | Noticed an orc priest
   170 | D:4      | Reached XP level 2. HP: 10/15 MP: 5/8
   186 | D:5      | Entered Level 5 of the Dungeon
   222 | D:5      | Noticed a sky beast
   254 | D:5      | Reached XP level 3. HP: 16/19 MP: 0/9
   292 | D:5      | Noticed a phantom
   299 | D:5      | Reached XP level 4. HP: 12/24 MP: 0/10
   305 | D:5      | Learned a level 3 spell: Conjure Flame
   310 | D:5      | Learned a level 4 spell: Sticky Flame
   402 | D:6      | Noticed an orc warrior
   461 | D:7      | Noticed a centaur
   461 | D:7      | Noticed a centaur
   467 | D:7      | Noticed a centaur
   475 | D:7      | Slain by a centaur

Vault maps used:
D:1:      elethiomel_arrival_shortcut, minmay_pentomino_v2
D:2:      serial_co_window_serial, co_window_corner_a, co_window_paths_a,
          co_window_paths_b, co_window_paths_a, co_window_paths_a,
          co_window_corner_a, co_window_of_opportunity_a, co_window_corner_a,
          co_window_paths_b, co_window_2corner, co_window_of_opportunity_c,
          co_window_of_opportunity_c, glass_columns_a, uniq_robin
D:3:      first_bread, lemuel_old_faithful, uniq_grinder, uniq_iyjb
D:5:      basic_altar, nicolae_ossuary_entry_ruins
D:6:      minmay_misc_feat_rugged, uniq_eustachio
D:7:      lightli_corner_chamber, uniq_menkaure

Skill      XL: |  1  2  3 |
---------------+----------+-----
Unarmed Combat | 1 2 3 |  3.5
Dodging        | |  2.4
Stealth        | |  2.4
Spellcasting   | |  3.0
Conjurations   | |  1.1
Fire Magic     | |  3.2

Action                   |  1- 3 |  4- 6 || total
-------------------------+-------+-------++-------
Melee: Unarmed           |     1 |     2 ||     3
 Cast: Flame Tongue      |    28 |     4 ||    32
       Conjure Flame     |       |     1 ||     1
       Sticky Flame      |       |     1 ||     1
  Use: Scroll            |     4 |       ||     4
       Potion            |     2 |     1 ||     3
Armor: Robe              |     1 |     1 ||     2
Dodge: Dodged            |    20 |     4 ||    24
